MID
CLINTON LUMBERKINGS @ SOUTH BEND CUBS
07/22/2099
 
TOP OF THE 1ST
Clinton LumberKings batting - Pitching for South Bend Cubs : RHP Jim Unknown
Pitching: RHP Jim Unknown
Batting: SHB Brent Manske 0-0: Ball
1-0: Swinging Strike
1-1: Fly out, F8 (Flyball, 78M, EV 96.9 MPH)
Batting: RHB Paul Nichols 0-0: Ball
1-0: Called Strike
1-1: Ball
2-1: Ball
3-1: Foul Ball, location: 2F
3-2: SINGLE (Groundball, 4D, EV 95.6 MPH)
Batting: LHB William Currea 0-0: Ball
1-0: Fly out, F7 (Flyball, 7D, EV 108.1 MPH)
Batting: SHB Javy Flores 0-0: Ball
1-0: Foul Ball, location: 2F
1-1: Called Strike
1-2: Foul Ball, location: 5F
1-2: Ball
2-2: Ball
3-2: Base on Balls
Paul Nichols to second
Batting: LHB Ramon Boche 0-0: Ball
1-0: Ball
2-0: Ball
3-0: Base on Balls
Paul Nichols to third
Javy Flores to second
Batting: RHB Ken Garner 0-0: Foul Ball, location: 9LSF
0-1: Called Strike
0-2: Foul Ball, location: 9LSF
0-2: Strikes out looking
Top of the 1st over - 0 runs, 1 hit, 0 errors, 3 left on base; Clinton 0 - South Bend 0
BOTTOM OF THE 1ST
South Bend Cubs batting - Pitching for Clinton LumberKings : RHP Ezio Turco
Pitching: RHP Ezio Turco
Batting: LHB Nigel Foster 0-0: DOUBLE (Flyball, 78D, EV 108.1 MPH)
Batting: RHB Chad Allen 0-0: Called Strike
0-1: Fly out, F7 (Flyball, 7LS, EV 98.8 MPH)
Batting: SHB David Green 0-0: Foul Ball, location: 2F
0-1: Foul Ball, location: 2F
0-2: Ball
1-2: Fly out, F8 (Flyball, 8LS, EV 96.9 MPH)
Batting: RHB Jim Worsham 0-0: Foul Ball, location: 2LF
0-1: SINGLE (Line Drive, 4D, EV 98.8 MPH)
Nigel Foster to third
Runner from 3rd tries for Home, throw by RF and OUT! 9-2
Bottom of the 1st over - 0 runs, 2 hits, 0 errors, 1 left on base; Clinton 0 - South Bend 0
TOP OF THE 2ND
Clinton LumberKings batting - Pitching for South Bend Cubs : RHP Jim Unknown
Batting: RHB Victor Ramirez 0-0: Ball
1-0: Called Strike
1-1: Ground out U3 (Groundball, 3L, EV 89.4 MPH)
Batting: RHB Willie Barrela 0-0: Ball
1-0: Ball
2-0: Called Strike
2-1: Foul Ball, location: 5FF
2-2: Ground out 4-3 (Groundball, 4M, EV 76.3 MPH)
Batting: RHB Sean Flora 0-0: Foul Ball, location: 2F
0-1: SINGLE (Line Drive, 56D, EV 101.9 MPH)
Batting: SHB Brent Manske 0-0: Called Strike
0-1: Ball
1-1: Fielders Choice at 2nd, 6-4 (Groundball, 56, EV 98.1 MPH)
Top of the 2nd over - 0 runs, 1 hit, 0 errors, 1 left on base; Clinton 0 - South Bend 0
BOTTOM OF THE 2ND
South Bend Cubs batting - Pitching for Clinton LumberKings : RHP Ezio Turco
Batting: RHB Tristan Greenwood 0-0: SINGLE (Line Drive, 3D, EV 108.8 MPH)
Batting: RHB Joel Gosselin 0-0: Ball
1-0: Ball
2-0: Fielders Choice at 2nd, 3-6 (Groundball, 3, EV 80.6 MPH)
Batting: RHB Brian Newman 0-0: Ball
1-0: Ball
2-0: Ball
3-0: Called Strike
3-1: Fly out, F7 (Flyball, 78M, EV 93.8 MPH)
Batting: RHB Jason Hassinger 0-0: Ball
1-0: Swinging Strike
1-1: Ball
2-1: Foul Ball, location: 9LSFF
2-2: Ball
3-2: Strikes out swinging
Bottom of the 2nd over - 0 runs, 1 hit, 0 errors, 1 left on base; Clinton 0 - South Bend 0
TOP OF THE 3RD
Clinton LumberKings batting - Pitching for South Bend Cubs : RHP Jim Unknown
Batting: RHB Paul Nichols 0-0: Called Strike
0-1: Foul Ball, location: 2F
0-2: DOUBLE (Flyball, 8LXD, EV 95.0 MPH)
Batting: LHB William Currea 0-0: Ball
1-0: Ball
2-0: Ball
3-0: Called Strike
3-1: SINGLE (Line Drive, 9LS, EV 97.5 MPH)
Paul Nichols to third
Batting: SHB Javy Flores 0-0: Ball
1-0: Foul Ball, location: 3F
1-1: Fielders Choice at 2nd, 3-6 (Groundball, 34S, EV 89.4 MPH)
Paul Nichols scores
Batting: LHB Ramon Boche 0-0: Ball
1-0: Ball
2-0: Swinging Strike
2-1: Fly out, F8 (Flyball, 8LXD, EV 95.0 MPH)
Batting: RHB Ken Garner 0-0: Ball
1-0: Ball
2-0: Ball
3-0: Base on Balls
Javy Flores to second
Batting: RHB Victor Ramirez 0-0: Ground out 4-3 (Groundball, 34, EV 82.5 MPH)
Top of the 3rd over - 1 run, 2 hits, 0 errors, 2 left on base; Clinton 1 - South Bend 0
BOTTOM OF THE 3RD
South Bend Cubs batting - Pitching for Clinton LumberKings : RHP Ezio Turco
Batting: LHB Chris Thompkins 0-0: Foul Ball, location: 2F
0-1: Foul Ball, location: 2F
0-2: Strikes out swinging
Batting: LHB Nigel Foster 0-0: Swinging Strike
0-1: Fly out, F7 (Flyball, 78S, EV 90.0 MPH)
Batting: RHB Chad Allen 0-0: Ground out 4-3 (Groundball, 4, EV 103.1 MPH)
Bottom of the 3rd over - 0 runs, 0 hits, 0 errors, 0 left on base; Clinton 1 - South Bend 0
TOP OF THE 4TH
Clinton LumberKings batting - Pitching for South Bend Cubs : RHP Jim Unknown
Batting: RHB Willie Barrela 0-0: Called Strike
0-1: Ground out 1-3 (Groundball, P, EV 71.3 MPH)
Batting: RHB Sean Flora 0-0: Ball
1-0: Foul Ball, location: 9LSF
1-1: Ball
2-1: Foul Ball, location: 2F
2-2: Ball
3-2: Fly out, F2 (Popup, 23F, EV 88.1 MPH)
Batting: SHB Brent Manske 0-0: Ball
1-0: Ball
2-0: Ball
3-0: Called Strike
3-1: DOUBLE (Flyball, 78D, EV 105.0 MPH)
Batting: RHB Paul Nichols 0-0: Called Strike
0-1: Fly out, F9 (Flyball, 9D, EV 110.6 MPH)
Top of the 4th over - 0 runs, 1 hit, 0 errors, 1 left on base; Clinton 1 - South Bend 0
BOTTOM OF THE 4TH
South Bend Cubs batting - Pitching for Clinton LumberKings : RHP Ezio Turco
Batting: SHB David Green 0-0: Ball
1-0: SINGLE (Groundball, 4MD, EV 106.3 MPH)
Batting: RHB Jim Worsham 0-0: Hit by Pitch
David Green to second
Batting: RHB Tristan Greenwood 0-0: Ball
1-0: Foul Ball, location: 5FF
1-1: Foul Ball, location: 2F
1-2: Strikes out swinging
Batting: RHB Joel Gosselin 0-0: Fly out, F8 (Flyball, 8LM, EV 90.6 MPH)
Batting: RHB Brian Newman 0-0: Ground out 2-3 (Groundball, 2L, EV 73.1 MPH)
Bottom of the 4th over - 0 runs, 1 hit, 0 errors, 2 left on base; Clinton 1 - South Bend 0
TOP OF THE 5TH
Clinton LumberKings batting - Pitching for South Bend Cubs : RHP Jim Unknown
Batting: LHB William Currea 0-0: Called Strike
0-1: Ball
1-1: SINGLE (Line Drive, 8LS, EV 88.1 MPH)
Batting: SHB Javy Flores 0-0: Fly out, F6 (Popup, 6, EV 55.6 MPH)
Batting: LHB Ramon Boche 0-0: Ball
1-0: Ball
2-0: Ball
3-0: Base on Balls
William Currea to second
Batting: RHB Ken Garner 0-0: Ball
1-0: Foul Ball, location: 5F
1-1: Swinging Strike
1-2: Strikes out swinging
Batting: RHB Victor Ramirez 0-0: Ball
1-0: SINGLE (Line Drive, 89S, EV 108.1 MPH)
William Currea to third
Ramon Boche to second
Runner from 3rd tries for Home, SAFE, throw by RF to home
Batting: RHB Willie Barrela 0-0: Ball
1-0: Ball
2-0: SINGLE (Groundball, 34D, EV 100.0 MPH)
Ramon Boche to third
Victor Ramirez to second
Runner from 3rd tries for Home, SAFE, throw by RF to home
Batting: RHB Sean Flora 0-0: Ball
1-0: Called Strike
1-1: Swinging Strike
1-2: Ball
2-2: Ball
3-2: Foul Ball, location: 2F
3-2: Fly out, F8 (Flyball, 8LD, EV 110.6 MPH)
Top of the 5th over - 2 runs, 3 hits, 0 errors, 2 left on base; Clinton 3 - South Bend 0
BOTTOM OF THE 5TH
South Bend Cubs batting - Pitching for Clinton LumberKings : RHP Ezio Turco
Batting: RHB Jason Hassinger 0-0: Ball
1-0: Ball
2-0: Called Strike
2-1: Foul Ball, location: 2F
2-2: Foul Ball, location: 9LSF
2-2: Ball
3-2: Base on Balls
Batting: LHB Chris Thompkins 0-0: Called Strike
0-1: Swinging Strike
0-2: Ball
1-2: Ball
2-2: Foul Ball, location: 5F
2-2: Strikes out swinging
Batting: LHB Nigel Foster 0-0: Ball
1-0: Ball
2-0: Grounds into double play, 1-6-3 (Groundball, 13S, EV 76.9 MPH)
Bottom of the 5th over - 0 runs, 0 hits, 0 errors, 0 left on base; Clinton 3 - South Bend 0
TOP OF THE 6TH
Clinton LumberKings batting - Pitching for South Bend Cubs : RHP Jim Unknown
Batting: SHB Brent Manske 0-0: Ball
1-0: Ground out 5-3 (Groundball, 56, EV 83.1 MPH)
Batting: RHB Paul Nichols 0-0: Called Strike
0-1: Ball
1-1: Swinging Strike
1-2: Ball
2-2: Fly out, F9 (Flyball, 9LS, EV 90.0 MPH)
Batting: LHB William Currea 0-0: Ground out 5-3 (Groundball, 5L, EV 105.6 MPH)
Top of the 6th over - 0 runs, 0 hits, 0 errors, 0 left on base; Clinton 3 - South Bend 0
BOTTOM OF THE 6TH
South Bend Cubs batting - Pitching for Clinton LumberKings : RHP Ezio Turco
Batting: RHB Chad Allen 0-0: Ball
1-0: Called Strike
1-1: Ground out 6-3 (Groundball, 6, EV 102.5 MPH)
Batting: SHB David Green 0-0: Foul Ball, location: 25F
0-1: Ball
1-1: Foul Ball, location: 7LMF
1-2: SINGLE (Flyball, 7LS, EV 99.4 MPH)
Batting: RHB Jim Worsham 0-0: Ball
1-0: Called Strike
1-1: Ball
2-1: SINGLE (Line Drive, 4MD, EV 96.9 MPH)
David Green to second
Batting: RHB Tristan Greenwood 0-0: Ball
1-0: Ball
2-0: Ball
3-0: Called Strike
3-1: Base on Balls
David Green to third
Jim Worsham to second
Batting: RHB Joel Gosselin 0-0: Called Strike
0-1: Foul Ball, location: 2F
0-2: Ball
1-2: Ball
2-2: GRAND SLAM HOME RUN (Flyball, 9LD, EV 96.3 MPH), Distance : 364 ft
Batting: RHB Brian Newman 0-0: Called Strike
0-1: Fly out, F8 (Flyball, 8RM, EV 81.9 MPH)
Batting: RHB Jason Hassinger 0-0: Called Strike
0-1: Swinging Strike
0-2: Ball
1-2: Fly out, F9 (Flyball, 9, EV 96.9 MPH)
Bottom of the 6th over - 4 runs, 3 hits, 0 errors, 0 left on base; Clinton 3 - South Bend 4
TOP OF THE 7TH
Clinton LumberKings batting - Pitching for South Bend Cubs : RHP Jim Unknown
Pitching: LHP Jim Unknown
Batting: SHB Javy Flores 0-0: Ball
1-0: Ball
2-0: Fly out, F8 (Flyball, 8LD, EV 110.6 MPH)
Batting: LHB Ramon Boche 0-0: Ball
1-0: Swinging Strike
1-1: Ball
2-1: Ball
3-1: Base on Balls
Batting: RHB Ken Garner 0-0: Called Strike
0-1: Hit by Pitch
Ramon Boche to second
Batting: RHB Victor Ramirez 0-0: Ball
1-0: Ball
2-0: Ball
3-0: Called Strike
3-1: Grounds into double play, 4-6-3 (Groundball, 4, EV 84.4 MPH)
Top of the 7th over - 0 runs, 0 hits, 0 errors, 1 left on base; Clinton 3 - South Bend 4
BOTTOM OF THE 7TH
South Bend Cubs batting - Pitching for Clinton LumberKings : RHP Ezio Turco
Batting: LHB Chris Thompkins 0-0: Ball
1-0: SINGLE (Line Drive, 89S, EV 110.0 MPH)
Pitching: RHP Jose Granados
Batting: LHB Nigel Foster 0-0: Ball
Chris Thompkins is caught stealing 2nd base 2-6
1-0: Called Strike
1-1: Called Strike
1-2: Strikes out looking
Batting: RHB Chad Allen 0-0: Swinging Strike
0-1: Called Strike
0-2: Ball
1-2: Foul Ball, location: 9LMF
1-2: SINGLE (Line Drive, 89S, EV 108.1 MPH)
Batting: SHB David Green 0-0: Ball
1-0: Ball
2-0: Fly out, F9 (Flyball, 89M, EV 92.5 MPH)
Bottom of the 7th over - 0 runs, 2 hits, 0 errors, 1 left on base; Clinton 3 - South Bend 4
TOP OF THE 8TH
Clinton LumberKings batting - Pitching for South Bend Cubs : LHP Jim Unknown
Now at 2B: Chad Allen
Now at 3B: Michael Guimond
Now at SS: John Grundy
Now in LF: Chris Thompkins
Now in RF: Jim Unknown
Batting: RHB Willie Barrela 0-0: Called Strike
0-1: Foul Ball, location: 2LF
0-2: Hit by Pitch
Batting: RHB Sean Flora 0-0: Ball
1-0: Sac Bunt to 15S - play at first, batter OUT! 1-3
Willie Barrela to second
Batting: SHB Brent Manske 0-0: Ball
1-0: Ground out 5-3 (Groundball, 56, EV 91.9 MPH)
Batting: RHB Paul Nichols 0-0: Fly out, F7 (Flyball, 7, EV 85.0 MPH)
Top of the 8th over - 0 runs, 0 hits, 0 errors, 1 left on base; Clinton 3 - South Bend 4
BOTTOM OF THE 8TH
South Bend Cubs batting - Pitching for Clinton LumberKings : RHP Jose Granados
Pitching: LHP Pete Hanzel
Batting: RHB Michael Guimond 0-0: Ball
1-0: Foul Ball, location: 9LSF
1-1: SINGLE (Line Drive, 6D, EV 102.5 MPH)
Batting: RHB Tristan Greenwood 0-0: Grounds into double play, 6-4-3 (Groundball, 6, EV 80.6 MPH)
Batting: RHB John Grundy 0-0: Ball
1-0: Ball
2-0: Foul Ball, location: 2F
2-1: Ball
3-1: Base on Balls
Batting: RHB Brian Newman 0-0: SINGLE (Line Drive, 56D, EV 99.4 MPH)
John Grundy to second
Batting: RHB Jason Hassinger 0-0: Ball
1-0: Ground out 1-3 (Groundball, 13, EV 71.9 MPH)
Bottom of the 8th over - 0 runs, 2 hits, 0 errors, 2 left on base; Clinton 3 - South Bend 4
TOP OF THE 9TH
Clinton LumberKings batting - Pitching for South Bend Cubs : LHP Jim Unknown
Batting: LHB William Currea 0-0: Called Strike
0-1: Fly out, F6 (Popup, P, EV 85.6 MPH)
Batting: SHB Javy Flores 0-0: Ball
1-0: Ball
2-0: Ground out 6-3 (Groundball, 6, EV 78.1 MPH)
Batting: LHB Ramon Boche 0-0: Ball
1-0: Ball
2-0: Ball
3-0: Called Strike
3-1: Foul Ball, location: 7LDF
3-2: Strikes out swinging, 2-3 out at first.
Top of the 9th over - 0 runs, 0 hits, 0 errors, 0 left on base; Clinton 3 - South Bend 4
Saturday, May 11th , 2024 - OOTP Baseball 24.11 Build 85